 Dungeon Crawl Stone Soup version 0.28.0-45-g0d030f2227 (webtiles) character file.

Game seed: 14344006628265248989

917 MisterFreud the Nimble (level 7, -8/34 HPs)
             Began as a Felid Berserker on May 5, 2022.
             Was a Believer of Trog.
             Killed from afar by a steam dragon (17 damage)
             ... with a ball of steam
             ... on level 6 of the Dungeon on May 6, 2022.
             The game lasted 00:07:23 (6975 turns).

MisterFreud the Nimble (Felid Berserker)            Turns: 6975, Time: 00:07:24

Health: -8/34      AC:  2    Str: 13    XL:     7   Next: 83%
Magic:  8/8        EV: 23    Int:  8    God:    Trog [**....]
Gold:   233        SH:  0    Dex: 18    Spells: 6/6 levels left
                                        Lives:  0   Deaths: 2

rFire   . . .      SeeInvis +     - Unarmed
rCold   . . .      Faith    .   (shield unavailable)
rNeg    . . .      Spirit   .   (armour unavailable)
rPois   .          Reflect  .   (helmet unavailable)
rElec   .          Harm     .   (cloak unavailable)
rCorr   .          Rampage  .   (gloves unavailable)
Will    +....                   (boots unavailable)
Stlth   +++.......              (no amulet)
HPRegen 0.11/turn               (no ring)
MPRegen 0.11/turn               (no ring)

@: on berserk cooldown, slowed, slow
A: very small, claws 1, fangs 3, see invisible, speed 1, shaggy fur 2, stealthy
paws, no weapons or thrown items, no armour, multi-lived
a: Renounce Religion, Berserk, Trog's Hand


You were on level 6 of the Dungeon.
You worshipped Trog.
Trog was pleased with you.
You visited 1 branch of the dungeon, and saw 6 of its levels.
You also visited: Sewer.

You collected 233 gold pieces.

Inventory:

Wands
 f - a wand of iceblast (19)
 k - a wand of flame (13)
Scrolls
 d - 2 scrolls of teleportation
 e - 2 scrolls of identify
 g - a scroll of fog
Potions
 a - 3 potions of might
 c - 3 potions of mutation
 h - a potion of flight
 i - a potion of magic {unknown}
 j - a potion of lignification {unknown}
 l - a potion of attraction {unknown}
 m - a potion of degeneration {unknown}
 n - a potion of cancellation {unknown}


   Skills:
 - Level 6.0 Fighting
 + Level 9.4 Dodging
 - Level 6.0 Stealth
 - Level 6.0 Unarmed Combat


You had 6 spell levels left.
You didn't know any spells.
Your spell library was empty.

Dungeon Overview and Level Annotations

Branches:
Dungeon (6/15)             Temple (0/1) D:5           Sewer (visited)

Altars:
Hepliaklqana
The Shining One


Innate Abilities, Weirdness & Mutations

You have sharp claws.
You have razor-sharp teeth.
You have supernaturally acute eyesight. (SInv)
You cover ground quickly. (Speed+)
You are covered in thick fur. (AC +2)
Your paws help you pounce on unaware monsters.
You are incapable of wielding weapons or throwing items.
You cannot wear armour.
You gain extra lives every three experience levels.


Message History

You closely miss the wight.
The bullfrog skeleton completely misses you.
The wight completely misses you.
You scratch the wight.
The wight is lightly damaged.
The bullfrog skeleton completely misses you.
You barely miss the wight.
The wight is lightly damaged.
The wight completely misses you.
You closely miss the wight. You claw the wight.
The wight is moderately damaged.
The bullfrog skeleton completely misses you.
The wight hits you with a +4 great sword of freezing!!
You feel drained. The wight freezes you.
You claw the wight!
The wight is almost destroyed.
The bullfrog skeleton barely misses you.
You claw the wight!
You destroy the wight!
Trog accepts your kill. The bullfrog skeleton misses you.
You mangle the bullfrog skeleton!!
You destroy the bullfrog skeleton!
Trog accepts your kill.
Your life force feels restored.
You feel a strong urge to attack something.
You are no longer berserk.
You are exhausted.
You feel yourself slow down.
You start resting.
A steam dragon comes into view.
A steam dragon is nearby!
The steam dragon breathes steam at you. The ball of steam misses you.
You are engulfed in a cloud of scalding steam.
* * * LOW HITPOINT WARNING * * *
The steam dragon breathes steam at you. The ball of steam hits you!
Ouch! That really hurt!
You die...

###..####.....)...............
#...#.......###...............
#.##..###..## #$...........#
..........#####..........#
.........D.)[)...........### ....
##..:.....###..............# ....
#........##§§.§.........#.##....
###....#....D§§.§........#..##...
..........##.##§@).......##.#....
......##.###.####÷##.###.##..)...
.............# #.#..###.##....#.
###......##### #...###.........#
........## ##..#..........#.#
.#...#.## #...#..........#..
#####.# ####.#.........[..##h #s#
####.....<.......†...##.
#.###........##.....<....#..


There were no monsters in sight!

Vanquished Creatures
  Pargi (Sewer)
  2 orc warriors
  2 black bears
  An ice beast (D:5)
  A gnoll sergeant (D:5)
  A water moccasin zombie (D:5)
  2 scorpions (D:5)
  3 wights (D:6)
  A bullfrog zombie (D:6)
  A crimson imp (D:3)
  A centaur zombie (D:6)
  A bullfrog skeleton (D:6)
  2 orc priests
  2 iguanas (D:6)
  Terence (D:2)
  2 orc wizards (D:5)
  9 gnolls
  10 adders
  An adder skeleton (D:4)
  4 worms
  A dart slug (D:2)
  5 orcs
  5 ball pythons
  7 endoplasms
  4 giant cockroaches
  10 goblins
  6 hobgoblins
  10 jackals (D:1)
  6 quokkas
  8 bats
  5 frilled lizards
  3 goblin zombies (D:3)
  2 hobgoblin zombies (D:3)
  7 kobolds
  A kobold skeleton (D:3)
  3 kobold zombies (D:3)
  4 rats
135 creatures vanquished.

Vanquished Creatures (others)
  3 fungi (D:2)
  10 plants (D:2)
13 creatures vanquished.

Grand Total: 148 creatures vanquished

Notes
Turn   | Place    | Note
-------+----------+-------------------------------------------
     0 | D:1      | MisterFreud the Felid Berserker began the quest for the
                  | Orb.
     0 | D:1      | Reached XP level 1. HP: 10/10 MP: 2/2
    27 | D:1      | Reached skill level 1 in Stealth
   160 | D:1      | Reached XP level 2. HP: 13/14 MP: 3/3
  1185 | D:1      | Reached XP level 3. HP: 17/17 MP: 4/4
  1434 | D:2      | Noticed Terence
  1443 | D:2      | Killed Terence
  1851 | D:2      | Reached XP level 4. HP: 21/21 MP: 5/5
  1857 | D:2      | Found a hazy altar of Hepliaklqana.
  2208 | D:2      | Found a faded altar of an unknown god.
  2432 | D:2      | Reached XP level 5. HP: 24/24 MP: 6/6
  2805 | D:3      | Reached ** piety under Trog
  2806 | D:3      | Reached skill level 5 in Stealth
  3539 | D:3      | Reached skill level 5 in Unarmed Combat
  3590 | D:3      | Found a glowing golden altar of the Shining One.
  4130 | D:4      | Found a glowing drain.
  4138 | D:4      | Gained mutation: You are covered in thick fur. (AC +2)
                  | [Felid growth]
  4138 | D:4      | Reached XP level 6. HP: 28/28 MP: 7/7
  4142 | Sewer    | Entered a sewer
  4169 | Sewer    | Reached *** piety under Trog
  4296 | Sewer    | Noticed Pargi
  4308 | Sewer    | Killed Pargi
  5152 | D:5      | Entered Level 5 of the Dungeon
  5244 | D:5      | Slain by a gnoll
  5245 | D:5      | Reached XP level 5. HP: -1/36 MP: 6/6
  5301 | D:5      | Reached XP level 6. HP: 16/28 MP: 7/7
  5374 | D:5      | Reached skill level 5 in Dodging
  5498 | D:5      | Noticed an orc warrior
  5510 | D:5      | HP: 1/42 [orc priest/divine providence (15)]
  5889 | D:5      | Noticed an ice beast
  5894 | D:5      | Killed an ice beast
  5912 | D:5      | Reached skill level 6 in Dodging
  5912 | D:5      | Reached XP level 7. HP: 33/33 MP: 8/8
  6276 | D:5      | Found a staircase to the Ecumenical Temple.
  6312 | D:5      | Reached skill level 5 in Fighting
  6325 | D:5      | Reached skill level 7 in Dodging
  6469 | D:6      | Slain by an orc warrior
  6470 | D:6      | Reached XP level 6. HP: -2/45 MP: 7/7
  6493 | D:6      | Killed an orc warrior
  6494 | D:6      | Reached XP level 7. HP: 17/34 MP: 8/8
  6819 | D:6      | Reached skill level 8 in Dodging
  6947 | D:6      | Reached skill level 9 in Dodging
  6966 | D:6      | Noticed a steam dragon
  6975 | D:6      | Killed from afar by a steam dragon

Illustrated notes

Levels and vault maps discovered:
D:1:      dpeg_arrival_fog, layout_basic
D:2:      layout_basic, basic_altar, shapermc_ecumenical_altar_mp_ritualfount,
          uniq_terence
D:3:      layout_loops_cross, nicolae_tso_besieged_by_evil
D:4:      layout_cave_pods, portal_sewer_entry_f, minivault_23, minivault_11,
          amcnicky_mini_rare_corridor_liquid, minmay_between
D:5:      layout_cave_pools, minmay_temple_entry_ruins, minmay_door_square
D:6:      layout_rooms

Skill      XL: |  1  2  3  4  5  6  7 |
---------------+----------------------+-----
Stealth        | 1 2 3 4 5 6 |  6.0
Unarmed Combat | 4 5 6 |  6.0
Dodging        | 6 9 |  9.4
Fighting       | 4 6 |  6.0

Action                   |  1- 3 |  4- 6 |  7- 9 || total
-------------------------+-------+-------+-------++-------
Melee: Unarmed           |    98 |   244 |    77 ||   419
       Bite              |    13 |    27 |    10 ||    50
       Punch             |     1 |     7 |     5 ||    13
Invok: Berserk           |     4 |     7 |     6 ||    17
       Trog's Hand       |       |     4 |     1 ||     5
  Use: Scroll            |     2 |     8 |       ||    10
       Potion            |       |       |     1 ||     1
 Stab: Sleeping          |     2 |    24 |       ||    26
       Distracted        |       |     1 |       ||     1
Armor: Skin              |    14 |     8 |     4 ||    26
Dodge: Dodged            |   112 |   194 |    98 ||   404
